 Dungeon Crawl Stone Soup version 0.30.1 (webtiles) character file.

Game seed: 16179365079515043878

48 Graphine the Trooper (level 3, -3/37 HPs)
             Began as an Ogre Gladiator on July 8, 2023.
             Killed from afar by Natasha (5 damage)
             ... with a magic dart
             ... on level 2 of the Dungeon.
             The game lasted 00:03:01 (1160 turns).

Graphine the Trooper (Ogre Gladiator)               Turns: 1160, Time: 00:03:01

Health: -3/37      AC:  3    Str: 18    XL:     3   Next: 72%
Magic:  4/4        EV: 10    Int:  9    God:
Gold:   0          SH:  0    Dex: 12    Spells: 3/3 levels left

rFire   . . .        m - +1 dagger (venom)
rCold   . . .        (no shield)
rNeg    . . .        b - +0 robe
rPois   .            c - +0 hat
rElec   .            (no cloak)
rCorr   .            (gloves unavailable)
SInv    .            (boots unavailable)
Will    .....        (no amulet)
Stlth   +            (no ring)
HPRegen 0.26/turn    (no ring)
MPRegen 0.09/turn

%: no passive effects
@: attractive
A: large, unfitting armour, tough skin 1
a: no special abilities


You were on level 2 of the Dungeon.
You visited 1 branch of the dungeon, and saw 2 of its levels.

Inventory:

Hand Weapons
 a - a +0 war axe
 m - a +1 dagger of venom (weapon)
 o - a +2 dagger of speed
Missiles
 d - 4 throwing nets
 l - 15 stones (quivered)
Armour
 b - a +0 robe (worn)
 c - a +0 hat (worn)
Jewellery
 g - an amulet of magic regeneration
Scrolls
 e - a scroll of silence {unknown}
 f - 3 scrolls of identify {unknown}
 h - a scroll of fog {unknown}
 j - a scroll of torment {unknown}
 n - a scroll of amnesia {unknown}
Potions
 i - a potion of might {unknown}


   Skills:
 + Level 3.2 Fighting
 - Level 3.0 Axes
 * Level 2.7 Throwing
 + Level 0.7 Armour
 + Level 2.9 Dodging
 + Level 0.9 Shields
 + Level 0.8 Spellcasting


You had 3 spell levels left.
You didn't know any spells.
Your spell library contained the following spells:

 Spells                   Type           Power      Damage    Failure   Level
 Necrotise                Necr           0%         1d4       36%         1
 Vampiric Draining        Necr           0%         2d6       75%         3
 Vhi's Electric Charge    Tloc/Air       0%         N/A       75%         3
 Agony                    Necr           0%         N/A       100%        5
 Arcjolt                  Conj/Air       0%         1d10      100%        5
 Maxwell's Capacitive Co  Air            0%         ∞         100%        8


Dungeon Overview and Level Annotations

Branches:
Dungeon (2/15)

Altars:
Uskayaw

Annotations:
D:2 Natasha


Innate Abilities, Weirdness & Mutations

You are too large for most types of armour.
You have tough skin. (AC +1)


Message History

Natasha drinks a potion.
Natasha flickers and vanishes!
Deactivating autopickup; reactivate with Ctrl-A.
No target in view!
Found a book of Rime.
No target in view!
Throw: 18 stones
Press: ? - help, Q - select action, (/) - cycle Shift-Dir - straight line You throw a stone.
A magic dart appears from out of thin air!
The magic dart hits you!
Throw: 17 stones
Press: ? - help, Q - select action, (/) - cycle Shift-Dir - straight line You throw a stone.
Something tries to affect you, but you resist.
Throw: 16 stones
Press: ? - help, Q - select action, (/) - cycle Shift-Dir - straight line You throw a stone.
A magic dart appears from out of thin air!
The magic dart hits you. Something claws you.
You barely miss something. Something claws you.
You closely miss something. Something claws you but does no damage.
You hit something but do no damage.
You hear some strange, mumbled words.
Something tries to affect you, but you resist.
You barely miss something. Something claws you but does no damage.
You hit something. Something claws you.
You miss something.
You hear some strange, mumbled words.
A magic dart appears from out of thin air!
The magic dart hits you.
* * * LOW HITPOINT WARNING * * *
You miss something. Something claws you!
* * * LOW HITPOINT WARNING * * *
It was a potion of attraction.
You feel attractive to monsters.
You hear some strange, mumbled words.
A magic dart appears from out of thin air!
The magic dart hits you.
You die...

#...# #.# #.#.#
#.# #.#.# #.##
#.#.#######...
#####.............
#.......##########
#.####### #.# #@#
#{# #># #.# ...
..: ... .....


There were no monsters in sight!

Vanquished Creatures
  A gnoll (D:1)
  A dart slug (D:1)
  5 ball pythons
  2 bats (D:1)
  3 endoplasms
  A giant cockroach (D:2)
  3 goblins
  5 hobgoblins
  8 kobolds
  4 frilled lizards
  A rat (D:1)
34 creatures vanquished.

Notes
Turn   | Place    | Note
-------+----------+-------------------------------------------
     0 | D:1      | Graphine the Ogre Gladiator began the quest for the Orb.
     0 | D:1      | Reached XP level 1. HP: 22/22 MP: 1/1
   186 | D:1      | Reached XP level 2. HP: 28/29 MP: 2/2
   341 | D:1      | Reached XP level 3. HP: 37/37 MP: 3/3
   914 | D:2      | Found a hide-covered altar of Uskayaw.
  1146 | D:2      | Noticed Natasha
  1159 | D:2      | HP: 1/37 [something (8)]
  1160 | D:2      | Killed from afar by Natasha

Illustrated notes

Levels and vault maps discovered:
D:1:      amcnicky_arrival_flooded_fountain, layout_loops_ring,
          chequers_serial_rivers_small_3
D:2:      layout_loops_ring, basic_altar, kennysheep_generic_room_15,
          uniq_natasha

Skill      XL: |  1  2 |
---------------+-------+-----
Fighting       | 3 |  3.2
Axes           | |  3.0
Throwing       | |  2.7
Armour         | |  0.7
Dodging        | |  2.9
Shields        | |  0.9
Spellcasting   | |  0.8

Action                     || total
---------------------------++-------
  Melee: War axe           ||    40
         Dagger            ||    38
  Throw: Large rock        ||    10
         Stone             ||     3
    Use: Potion            ||     1
 Armour: Robe              ||    18
  Dodge: Dodged            ||    24
